[Event "Team 45 45 League T57"]
[Site "Internet Chess Club"]
[Date "2013.05.25"]
[Round "1"]
[White "BigH"]
[Black "Tobiasdelmonte"]
[Result "1/2-1/2"]
[WhiteElo "2053"]
[BlackElo "1874"]
[Opening "King's Indian: 4.e4"]
[ECO "E90"]
[Time "14:07:04"]
[TimeControl "2700+45"]

1. d4 Nf6 2. c4 g6 3. Nc3 Bg7 4. e4 O-O 5. Nf3 d6 6. h3 Na6 7. Bg5 c5 8. d5 Nc7
9. Be2 a6 10. a4 Re8 11. O-O h6 12. Be3 e6 13. Qd2 exd5 14. exd5 Kh7 15. Rfe1
Bf5 16. Bd3 Qd7 17. Bf4 Rad8 18. a5 Rxe1+ 19. Rxe1 Re8 20. Bxf5 Rxe1+ 21. Qxe1
gxf5 22. Qe3 Nh5 23. Bh2 Ne8 24. Qd3 Kg8 25. Nh4 Qe7 26. Nxf5 Qe1+ 27. Qf1 Bxc3
28. bxc3 Qxc3 29. Nxh6+ Kh7 30. Nf5 Nhf6 31. Nxd6 Nxd6 32. Bxd6 Ne4 33. Bc7 Qd2
34. Bg3 Qxa5 35. Qb1 f5 36. Qxb7+ Kg6 37. Qc6+ Nf6 38. Qe6 Qa1+ 39. Kh2 Qd4 40.
Be5 Qh4 41. Qxa6 Kh5 42. Qxf6 Qf4+ 43. Bxf4 {Black stalemated} 1/2-1/2

[Event "Team 45 45 League T57"]
[Site "Internet Chess Club"]
[Date "2013.05.23"]
[Round "1"]
[White "JustinL"]
[Black "zap2"]
[Result "1-0"]
[WhiteElo "2056"]
[BlackElo "1817"]
[Opening "Pirc defense"]
[ECO "B07"]
[Time "16:46:57"]
[TimeControl "2700+45"]

1. e4 d6 2. d4 Nf6 3. Nc3 Nbd7 4. f4 e5 5. Nf3 Be7 6. dxe5 dxe5 7. fxe5 Ng4 8.
Bf4 c6 9. h3 g5 10. Bg3 Ne3 11. Qd2 Nxf1 12. Rxf1 Nc5 13. Qxd8+ Bxd8 14. O-O-O
g4 15. hxg4 Bxg4 16. Rde1 Ne6 17. Ne2 Be7 18. Ned4 Rd8 19. Nf5 Bxf3 20. gxf3 Rg8
21. Nxe7 Rxg3 22. Nf5 Rg2 23. Nd6+ Ke7 24. f4 h5 25. f5 Nd4 26. c3 Ne2+ 27. Kd1
Ng3 28. Rf4 Rxb2 29. Re3 Rb1+ 30. Kc2 Rg1 31. Nxb7 Rg2+ 32. Kc1 Rb8 33. f6+ Kf8
34. Nc5 Rbb2 35. Rxg3 Rgc2+ 36. Kd1 Rd2+ 37. Ke1 Rdc2 38. Rd3 Re2+ 39. Kd1 Rg2
40. Rd8# {Black checkmated} 1-0

[Event "Team 45 45 League T57"]
[Site "Internet Chess Club"]
[Date "2013.05.25"]
[Round "1"]
[White "gandre"]
[Black "BYOB69"]
[Result "1-0"]
[WhiteElo "1849"]
[BlackElo "1867"]
[Opening "Queen's bishop game"]
[ECO "D02"]
[Time "15:00:55"]
[TimeControl "2700+45"]

1. d4 Nf6 2. Nf3 d5 3. Bf4 c5 4. e3 Bf5 5. Bd3 Bxd3 6. cxd3 e6 7. Qb3 Nc6 8.
dxc5 Bxc5 9. Qxb7 Nb4 10. Qb5+ Qd7 11. Qxd7+ Nxd7 12. Kd2 O-O 13. Nc3 f6 14. d4
Bb6 15. Bd6 Nc6 16. Bxf8 Rxf8 17. Rac1 Ba5 18. a3 e5 19. b4 exd4 20. Nxd5 dxe3+
21. Nxe3 Nxb4 22. axb4 Bxb4+ 23. Ke2 Re8 24. Rc7 {Black resigns} 1-0

[Event "Team 45 45 League T57"]
[Site "Internet Chess Club"]
[Date "2013.05.24"]
[Round "1"]
[White "Altairus"]
[Black "ScotchYeti"]
[Result "0-1"]
[WhiteElo "1724"]
[BlackElo "1677"]
[Opening "English opening"]
[ECO "A30"]
[Time "02:00:17"]
[TimeControl "2700+45"]

1. Nf3 Nf6 2. c4 c5 3. g3 e6 4. Bg2 b6 5. Ne5 d5 6. Qa4+ Nbd7 7. cxd5 Nxd5 8. e4
Nf6 9. Nxf7 Kxf7 10. e5 Nd5 11. Nc3 Bb7 12. Nxd5 Bxd5 13. Bxd5 exd5 14. e6+ Kxe6
15. O-O Nf6 16. d3 Qd7 17. Qf4 Be7 18. Bd2 Kf7 19. Rfe1 Rhf8 20. Re2 Kg8 21.
Rae1 Rae8 22. Qg5 Ne4 23. Qh5 Nxd2 24. Rxd2 Bf6 25. Rde2 Rxe2 26. Rxe2 Qf7 27.
Qg4 Bd4 28. Kg2 Qf5 29. Qxf5 Rxf5 30. f4 Kf7 31. b3 Rf6 32. Kf3 Re6 33. Rxe6
Kxe6 34. g4 g6 35. Ke2 b5 36. Kf3 a5 37. Ke2 h5 38. h3 hxg4 39. hxg4 c4 40. dxc4
dxc4 41. bxc4 bxc4 42. a4 Kd5 43. f5 g5 {White resigns} 0-1

[Event "Team 45 45 League T57"]
[Site "Internet Chess Club"]
[Date "2013.05.26"]
[Round "1"]
[White "carokantor"]
[Black "Muravey"]
[Result "1-0"]
[WhiteElo "2018"]
[BlackElo "2016"]
[Opening "Caro-Kann: Panov-Botvinnik attack"]
[ECO "B13"]
[Time "10:02:07"]
[TimeControl "2700+45"]

1. e4 d5 2. exd5 Nf6 3. c4 c6 4. d4 cxd5 5. Nc3 Nc6 6. Nf3 e6 7. Be2 Be7 8. O-O
O-O 9. Bf4 Qb6 10. Na4 Qa5 11. c5 Ne4 12. a3 b5 13. cxb6 axb6 14. b3 b5 15. Qc2
bxa4 16. Qxc6 axb3 17. Bc7 Qa7 18. Rfb1 Bb7 19. Qb5 Nc3 20. Qxb3 Nxe2+ 21. Kh1
Ba6 22. Bb6 Qb7 23. a4 Rab8 24. a5 Bd8 25. Qe3 Qc7 26. Bxc7 Bxc7 27. g3 Bd6 28.
Rb6 Rxb6 29. axb6 Ra8 30. Rxa6 Rxa6 31. Qxe2 Rxb6 32. Ne5 Bxe5 33. Qxe5 g6 34.
h4 h5 35. Qg5 Rb4 36. Qf6 Rb3 37. Kg2 Rd3 38. g4 hxg4 39. h5 gxh5 40. Qg5+ Kf8
41. Qxh5 f5 42. Qh7 Ke8 43. Qg7 Rf3 44. Qg8+ Ke7 45. Qg7+ Ke8 46. Qe5 Ke7 47.
Qc7+ Ke8 48. Qd6 Kf7 49. Qd7+ Kf6 50. Qe8 Rf4 51. Qf8+ Kg6 52. Qe7 Re4 53. Kg3
Kh5 54. Qh7+ Kg5 55. Qg7+ Kh5 56. f4 Re3+ 57. Kg2 Re2+ 58. Kf1 Kh4 59. Kxe2 Kg3
60. Qh6 Kg2 61. Qxe6 g3 62. Qxd5+ Kh2 63. Kf1 Kh3 64. Qxf5+ Kh4 65. Qg5+ Kh3 66.
Qh5# {Black checkmated} 1-0

[Event "Team 45 45 League T57"]
[Site "Internet Chess Club"]
[Date "2013.05.28"]
[Round "1"]
[White "Constrictor"]
[Black "Budzo"]
[Result "1/2-1/2"]
[WhiteElo "1695"]
[BlackElo "1824"]
[Opening "Bird's opening"]
[ECO "A03"]
[Time "20:01:09"]
[TimeControl "2700+45"]

1. f4 d5 2. Nf3 e6 3. b3 Nf6 4. e3 c5 5. Bb5+ Bd7 6. Qe2 a6 7. Bxd7+ Nbxd7 8.
Bb2 Bd6 9. O-O O-O 10. d3 Qc7 11. Nbd2 e5 12. fxe5 Nxe5 13. Nxe5 Bxe5 14. Bxe5
Qxe5 15. Nf3 Qe7 16. h3 Rfe8 17. Rae1 h6 18. Nh2 Qe6 19. Rf4 Re7 20. Ng4 Nxg4
21. Rxg4 Rae8 22. Qf3 {Game drawn by mutual agreement} 1/2-1/2

[Event "Team 45 45 League T57"]
[Site "Internet Chess Club"]
[Date "2013.05.29"]
[Round "1"]
[White "vigneshv"]
[Black "Frankly"]
[Result "0-1"]
[WhiteElo "1657"]
[BlackElo "1851"]
[Opening "QGA: 3.e4"]
[ECO "D20"]
[Time "16:33:33"]
[TimeControl "2700+45"]

1. d4 d5 2. c4 dxc4 3. e4 e5 4. Nf3 exd4 5. Bxc4 Bb4+ 6. Nbd2 Nf6 7. Bxf7+ Kxf7
8. Qb3+ Nd5 9. exd5 Qe7+ 10. Kf1 Bd6 11. Nc4 Re8 12. Nxd6+ cxd6 13. Qd3 b6 14.
Ng5+ Kf8 15. Nxh7+ Kg8 16. Bg5 Qe4 17. Qxe4 Ba6+ 18. Kg1 Rxe4 19. Nf6+ gxf6 20.
Bxf6 Nd7 21. Be7 Rxe7 {White resigns} 0-1

[Event "Team 45 45 League T57"]
[Site "Internet Chess Club"]
[Date "2013.05.24"]
[Round "1"]
[White "ghostfire"]
[Black "Gorongonde"]
[Result "0-1"]
[WhiteElo "1657"]
[BlackElo "1696"]
[Opening "Pirc defense"]
[ECO "B07"]
[Time "13:04:31"]
[TimeControl "2700+45"]

1. e4 d6 2. d4 Nf6 3. Nc3 g6 4. Be2 Bg7 5. Be3 c6 6. Qd2 Bg4 7. f3 Bd7 8. O-O-O
b5 9. Bh6 O-O 10. Bxg7 Kxg7 11. h4 Qa5 12. h5 Ng8 13. hxg6 fxg6 14. Qg5 h6 15.
Qg3 b4 16. Nb1 Qxa2 17. e5 d5 18. Bd3 Bf5 19. Ne2 Na6 20. Bxf5 Rxf5 21. Nf4 g5
22. Nh5+ Kg6 23. f4 Raf8 24. Qd3 Qc4 25. Qxc4 dxc4 26. g4 Rxf4 27. Nxf4+ Rxf4
28. Rhg1 Nc7 29. c3 a5 30. Nd2 bxc3 31. bxc3 Nd5 32. Rg3 e6 33. Nxc4 a4 34. Kb2
c5 35. Ka3 Nge7 36. Kxa4 cxd4 37. Rxd4 Nxc3+ 38. Kb4 Ned5+ 39. Rxd5 exd5 40.
Kxc3 Rxc4+ 41. Kb3 Re4 42. Kc3 h5 43. gxh5+ Kxh5 44. Kd3 Rxe5 45. Kd4 Rf5 46.
Rg1 g4 47. Rh1+ Kg5 48. Rg1 Rf3 49. Kxd5 Kf4 50. Kd4 g3 51. Re1 g2 52. Rg1 Kg3
53. Ke4 Rf1 {White resigns} 0-1

[Event "Team 45 45 League T57"]
[Site "Internet Chess Club"]
[Date "2013.05.27"]
[Round "1"]
[White "cys456"]
[Black "leland"]
[Result "1-0"]
[WhiteElo "1893"]
[BlackElo "1905"]
[Opening "French: advance, Paulsen attack"]
[ECO "C02"]
[Time "20:05:07"]
[TimeControl "2700+45"]

1. e4 e6 2. d4 d5 3. e5 c5 4. c3 Nc6 5. Nf3 Qb6 6. a3 Bd7 7. b4 c4 8. Be2 a5 9.
b5 Qxb5 10. a4 Qa6 11. Na3 Na7 12. O-O b5 13. Nxb5 Nxb5 14. axb5 Bxb5 15. Qd2
Ne7 16. Ba3 Ng6 17. Bxf8 Nxf8 18. Qb2 Nd7 19. Rfb1 Bc6 20. Qa3 Bb5 21. Bd1 f6
22. Bc2 Kf7 23. Re1 f5 24. Ng5+ Ke8 25. Rab1 Rb8 26. Bxf5 exf5 27. e6 Nf6 28.
Nf7 Rg8 29. Qc5 Qb6 30. Rxb5 Qxc5 31. Rxb8+ Ke7 32. Rb7+ {Black resigns} 1-0

[Event "Team 45 45 League T57"]
[Site "Internet Chess Club"]
[Date "2013.06.02"]
[Round "1"]
[White "joebobpop"]
[Black "infiniteshug"]
[Result "0-1"]
[WhiteElo "1694"]
[BlackElo "1831"]
[Opening "Caro-Kann: Steinitz variation"]
[ECO "B17"]
[Time "13:01:18"]
[TimeControl "2700+45"]

1. e4 c6 2. d4 d5 3. Nc3 dxe4 4. Nxe4 Nd7 5. Nf3 Ngf6 6. Bd3 Nxe4 7. Bxe4 Nf6 8.
Bd3 Bg4 9. Be3 e6 10. h3 Bh5 11. g4 Bg6 12. Qd2 Qd5 13. Qe2 Bb4+ 14. Bd2 Bxd2+
15. Kxd2 Ne4+ 16. Ke1 Ng5 17. Nxg5 Qxh1+ 18. Qf1 Qd5 19. f4 Qxd4 20. Rb1 Qe3+
21. Qe2 Qxf4 22. Nf3 O-O-O 23. Bxg6 hxg6 24. Qg2 e5 {White resigns} 0-1

[Event "Team 45 45 League T57"]
[Site "Internet Chess Club"]
[Date "2013.05.24"]
[Round "1"]
[White "Tamarin"]
[Black "LiangLiang"]
[Result "1/2-1/2"]
[WhiteElo "1840"]
[BlackElo "1770"]
[Opening "Trompowsky attack (Ruth, Opocenský opening)"]
[ECO "A45"]
[Time "18:30:51"]
[TimeControl "2700+45"]

1. d4 Nf6 2. Bg5 Ne4 3. Bf4 g6 4. f3 Nf6 5. e4 d6 6. c4 c5 7. d5 Bg7 8. Nc3 O-O
9. Bd3 Nbd7 10. Nge2 Ne8 11. Qc2 a6 12. a3 Nc7 13. b4 Rb8 14. Rb1 Re8 15. O-O b6
16. a4 cxb4 17. Rxb4 a5 18. Rb2 Na6 19. Be3 Ne5 20. Qd2 Nb4 21. Rxb4 axb4 22.
Nb5 Ba6 23. Bd4 Nxd3 24. Qxd3 Bxb5 25. cxb5 Ra8 26. Bxg7 Kxg7 27. Qd4+ f6 28.
Qxb4 Qc7 29. Rc1 Qa7 30. Ra1 Qa5 31. Qb2 Rec8 32. Nd4 Qc3 33. Qxc3 Rxc3 34. Nc6
Kf7 35. Kf1 Rc4 36. a5 bxa5 37. b6 Ra6 38. b7 Rb6 39. b8=Q Rxb8 40. Nxb8 a4 41.
Nc6 e5 42. Ra2 f5 43. exf5 gxf5 44. Ke2 Kf6 45. Kd3 Rc5 46. Nb4 Ra5 47. Kc3 Kg5
48. Rd2 Kf4 49. Nc2 h5 50. Kb4 Ra8 51. Rd3 h4 52. Ne1 a3 53. Rxa3 Rxa3 54. Kxa3
e4 55. g3+ hxg3 56. hxg3+ Kxg3 57. fxe4 fxe4 58. Kb3 e3 59. Nc2 e2 60. Kc4 Kf4
61. Kd4 Kf5 62. Ne1 Kf4 63. Nd3+ Kf5 64. Ne1 Kf4 65. Nc2 Kf5 66. Kd3 Ke5 67. Kc4
Ke4 68. Ne1 Ke5 {Game drawn by mutual agreement} 1/2-1/2

[Event "Team 45 45 League T57"]
[Site "Internet Chess Club"]
[Date "2013.05.24"]
[Round "1"]
[White "DouDou"]
[Black "John3v16"]
[Result "0-1"]
[WhiteElo "1786"]
[BlackElo "1731"]
[Opening "Sicilian: Kan variation"]
[ECO "B41"]
[Time "23:31:36"]
[TimeControl "2700+45"]

1. e4 c5 2. Nf3 e6 3. d4 cxd4 4. Nxd4 a6 5. Be2 Qc7 6. O-O b5 7. Be3 Bb7 8. Nc3
Nf6 9. f3 Bc5 10. Bf2 O-O 11. Qd2 Rd8 12. Rad1 d5 13. exd5 Nxd5 14. Ne4 Bb6 15.
c3 Nf4 16. Qc2 Nc6 17. Nxc6 Bxf2+ 18. Rxf2 Bxc6 19. Ng5 Nxe2+ 20. Rxe2 Rxd1+ 21.
Qxd1 Bb7 22. Qd3 Qc5+ 23. Kh1 Qxg5 24. Rd2 Kf8 25. Qd6+ Qe7 26. Qd3 g6 27. Qd4
e5 28. Qg4 Rd8 {White resigns} 0-1

[Event "Team 45 45 League T57"]
[Site "Internet Chess Club"]
[Date "2013.05.25"]
[Round "1"]
[White "Rodin7"]
[Black "chess9793"]
[Result "1-0"]
[WhiteElo "2100"]
[BlackElo "2058"]
[Opening "Sicilian: Nimzovich-Rossolimo attack (with ...g6, without ...d6)"]
[ECO "B31"]
[Time "13:01:43"]
[TimeControl "2700+45"]

1. e4 c5 2. Nf3 Nc6 3. Bb5 g6 4. O-O Bg7 5. c3 Nf6 6. Re1 O-O 7. d3 Qc7 8. Nbd2
a6 9. Bxc6 Qxc6 10. e5 Nd5 11. Ne4 b6 12. c4 Nc7 13. Bg5 Re8 14. Qd2 Bb7 15. Bh6
Bh8 16. Qf4 Ne6 17. Qh4 Nd4 18. Nxd4 cxd4 19. Bf4 d6 20. exd6 e5 21. d7 Qxd7 22.
Bg5 Qc6 23. f3 Re6 24. Bd2 f5 25. Ng5 Re7 26. Bb4 Rd7 27. b3 Bf6 28. Qh6 Re8 29.
Re2 a5 30. Bd2 Rde7 31. Rae1 Qd6 32. Nxh7 Rxh7 33. Qxg6+ Rg7 34. Qxe8+ Kh7 35.
Qh5+ Kg8 36. Bf4 Qc6 37. Bxe5 Rg5 38. Qh3 Bxe5 39. Rxe5 a4 40. Re8+ Kf7 41.
R1e7+ Kf6 42. Qh8+ Kg6 43. Rg8# {Black checkmated} 1-0

[Event "Team 45 45 League T57"]
[Site "Internet Chess Club"]
[Date "2013.05.23"]
[Round "1"]
[White "f5"]
[Black "Epcot"]
[Result "0-1"]
[WhiteElo "2158"]
[BlackElo "2091"]
[Opening "Trompowsky attack (Ruth, Opocenský opening)"]
[ECO "A45"]
[Time "22:05:44"]
[TimeControl "2700+45"]

1. d4 Nf6 2. Bg5 e6 3. e4 h6 4. Bxf6 Qxf6 5. Nf3 d6 6. Nc3 g5 7. h3 Bg7 8. Qd2
Nc6 9. O-O-O Qf4 10. Bb5 Qxd2+ 11. Rxd2 a6 12. Bxc6+ bxc6 13. e5 Ke7 14. Re1 Rb8
15. Ne4 a5 16. c4 Ba6 17. b3 a4 18. Kc2 Rb4 19. Nc3 axb3+ 20. axb3 Rhb8 21. Ra1
Bc8 22. Ra7 R4b7 23. Rxb7 Bxb7 24. c5 dxc5 25. dxc5 f6 26. exf6+ Bxf6 27. Ne4
Bg7 28. Nd4 Rd8 29. Ne2 Rf8 30. f3 Ra8 31. N2c3 Bc8 32. Rd1 Bd7 33. h4 Rg8 34.
hxg5 hxg5 35. Rh1 Be8 36. b4 Bg6 37. Kb3 Rd8 38. Rd1 Rxd1 39. Nxd1 Bxe4 40. fxe4
Kf6 41. Kc4 Ke5 42. Kd3 Kf4 43. Nf2 g4 44. Nd1 Kg3 45. Ne3 Bh6 46. Nc4 Kxg2 47.
Ne5 g3 48. Ke2 Kh3 {White resigns} 0-1

[Event "Team 45 45 League T57"]
[Site "Internet Chess Club"]
[Date "2013.05.24"]
[Round "1"]
[White "Pason"]
[Black "stile"]
[Result "1/2-1/2"]
[WhiteElo "1948"]
[BlackElo "1818"]
[Opening "Dutch, Manhattan (Alapin, Ulvestad) variation"]
[ECO "A80"]
[Time "13:02:47"]
[TimeControl "2700+45"]

1. d4 f5 2. Qd3 d5 3. g4 fxg4 4. h3 g3 5. Qxg3 Bf5 6. Qb3 b6 7. Bg2 e6 8. Bf4
Bd6 9. Bxd6 Qxd6 10. Nf3 Nd7 11. Nc3 c6 12. O-O-O Ngf6 13. e3 O-O-O 14. Nh4 g5
15. Nxf5 exf5 16. Ne2 Rhf8 17. h4 g4 18. Nf4 Ne4 19. Bxe4 fxe4 20. Kb1 Nf6 21.
Rc1 Kb7 22. c4 Rc8 23. c5 Qd7 24. cxb6 axb6 25. Rc3 Ra8 26. Rhc1 Rfc8 27. Qd1
Qd6 28. Rb3 Ra6 29. Qd2 Rca8 30. a3 b5 31. Qd1 Ra4 {Game drawn by mutual
agreement} 1/2-1/2

[Event "Team 45 45 League T57"]
[Site "Internet Chess Club"]
[Date "2013.05.27"]
[Round "1"]
[White "hood"]
[Black "INMATE13842187"]
[Result "0-1"]
[WhiteElo "1726"]
[BlackElo "1826"]
[Opening "Sicilian: accelerated fianchetto, modern variation"]
[ECO "B34"]
[Time "22:01:14"]
[TimeControl "2700+45"]

1. e4 c5 2. Nf3 g6 3. d4 cxd4 4. Nxd4 Nc6 5. Nc3 Bg7 6. Nb3 Nf6 7. Be2 O-O 8.
O-O d6 9. Bg5 h6 10. Bxf6 Bxf6 11. Qd2 Bg7 12. Rad1 Be6 13. Bb5 a6 14. Bxc6 bxc6
15. Rfe1 Qc7 16. Nd4 Bc8 17. Nf3 Bg4 18. Qf4 Bxf3 19. Qxf3 Rab8 20. b3 Qa5 21.
Na4 c5 22. Re3 c4 23. Rd5 Rb5 24. Rxb5 axb5 25. Nc3 cxb3 26. cxb3 Rc8 27. Nd1
Qxa2 28. h3 Rc1 29. Kh2 b4 30. Rd3 Be5+ 31. g3 Rc2 32. Kg2 Rd2 33. Rxd2 Qxd2 34.
Ne3 Qc3 35. Nd5 Qxf3+ 36. Kxf3 Kf8 37. Nxb4 Ke8 38. Ke3 Kd7 39. Kd3 e6 40. f4
Bg7 41. Kc4 Bf8 42. Kb5 f5 43. exf5 gxf5 44. Nd3 h5 45. Kb6 Bg7 46. b4 e5 47.
fxe5 dxe5 48. b5 h4 49. gxh4 e4 50. Ne1 f4 51. Ka7 f3 52. b6 f2 53. b7 fxe1=Q
54. b8=Q Qa1+ 55. Kb7 Qb2+ 56. Ka7 Bd4+ 57. Ka8 Qa3+ 58. Kb7 Qb4+ 59. Ka8 Qa5+
60. Kb7 Qb5+ 61. Ka8 Qa6+ 62. Qa7+ Qxa7# {White checkmated} 0-1

[Event "Team 45 45 League T57"]
[Site "Internet Chess Club"]
[Date "2013.05.24"]
[Round "1"]
[White "carokantor"]
[Black "sonoftill"]
[Result "0-1"]
[WhiteElo "2001"]
[BlackElo "2124"]
[Opening "Queen's pawn game"]
[ECO "A45"]
[Time "16:37:11"]
[TimeControl "2700+45"]

1. d4 Nf6 2. e3 b6 3. c4 Bb7 4. Nc3 e6 5. Nf3 d5 6. Bd3 Be7 7. O-O O-O 8. b3
Nbd7 9. Bb2 a6 10. Rc1 Rc8 11. Qe2 Ne4 12. cxd5 exd5 13. Bxa6 Bxa6 14. Qxa6 Nxc3
15. Bxc3 Bd6 16. Qd3 Re8 17. g3 Nf6 18. Ne5 Bxe5 19. dxe5 Ng4 20. Qf5 Nh6 21.
Qh3 Qe7 22. f4 c5 23. Bb2 Ra8 24. a4 f5 25. Qg2 Qe6 26. h3 Kh8 27. Rfd1 Red8 28.
Qc2 Ng8 29. Rd2 Ne7 30. Qd1 Qg6 31. Kh2 Qe6 32. Qf3 Kg8 33. Rcd1 Ra7 34. g4 Rad7
35. Qg3 g6 36. Qf3 Kf7 37. Kg3 Kg8 38. g5 Kg7 39. h4 Nc6 40. h5 Kg8 41. Rh1 Rg7
42. hxg6 hxg6 43. Rdh2 Kf7 44. Qe2 d4 45. Qb5 Nb4 46. exd4 Qxb3+ 47. Kg2 Qxb2+
48. Kf1 Qc1+ 49. Kg2 Qd2+ 50. Kg1 Qe1+ 51. Kg2 Qe4+ 52. Kg3 Qe3+ 53. Kg2 Rxd4
54. Qxb6 Rd2+ 55. Kf1 Qf3+ {White resigns} 0-1

[Event "Team 45 45 League T57"]
[Site "Internet Chess Club"]
[Date "2013.05.26"]
[Round "1"]
[White "SlimeDog2"]
[Black "Happybear"]
[Result "0-1"]
[WhiteElo "2055"]
[BlackElo "1985"]
[Opening "King's Indian: fianchetto with ...Nc6"]
[ECO "E62"]
[Time "18:41:05"]
[TimeControl "2700+45"]

1. d4 Nf6 2. c4 g6 3. Nf3 Bg7 4. g3 O-O 5. Bg2 d6 6. Nc3 Nc6 7. O-O h6 8. e4 e5
9. d5 Ne7 10. Ne1 Ne8 11. Nd3 f5 12. f4 fxe4 13. Nxe4 Bf5 14. fxe5 dxe5 15. g4
Bxe4 16. Rxf8+ Bxf8 17. Bxe4 Nd6 18. Qf3 Nxc4 19. Nc5 Nf5 20. Nxb7 Nd4 21. Qf1
Qc8 22. h3 Qxb7 23. Qxc4 Bd6 24. b3 Kg7 25. Be3 Qb6 26. Rd1 Bc5 27. Kg2 Rf8 28.
Qc1 g5 29. Rf1 Nxb3 30. Bxc5 Nxc5 31. Rxf8 Kxf8 32. Bf5 Qb4 33. h4 Ne4 34. hxg5
hxg5 35. Qxc7 Qd2+ 36. Kf3 Qf2+ 37. Kxe4 Qe2# {White checkmated} 0-1

[Event "Team 45 45 League T57"]
[Site "Internet Chess Club"]
[Date "2013.05.24"]
[Round "1"]
[White "M-Tuzel"]
[Black "cyborg86"]
[Result "0-1"]
[WhiteElo "1633"]
[BlackElo "1923"]
[Opening "French: Tarrasch, closed variation, main line"]
[ECO "C06"]
[Time "12:00:11"]
[TimeControl "2700+45"]

1. e4 e6 2. d4 d5 3. Nd2 Nf6 4. e5 Nfd7 5. Bd3 c5 6. c3 Nc6 7. Ne2 cxd4 8. cxd4
f6 9. exf6 Nxf6 10. Nf3 Bd6 11. O-O Qc7 12. Ng3 O-O 13. Bg5 Qf7 14. Re1 Nh5 15.
Bd2 Nxd4 16. Nxh5 Qxh5 17. Nxd4 Qxh2+ 18. Kf1 Qh1+ 19. Ke2 Qxg2 20. Be3 e5 21.
Rg1 Bg4+ 22. Kd2 exd4 23. Qxg4 dxe3+ 24. Kd1 Qxg4+ 25. Rxg4 exf2 26. Ke2 Rae8+
27. Kf1 Re3 28. Rd1 Bg3 29. Be2 h5 30. Rg5 Rfe8 31. Rd2 h4 32. Rgxd5 g6 33. Bc4
Re1+ 34. Kg2 Rg1+ 35. Kh3 f1=Q+ 36. Bxf1 Rxf1 37. Rd7 Rf7 38. R7d5 Kg7 39. Rc2
Rc7 40. Rxc7+ Bxc7 41. Rd7+ Kf6 42. Rxc7 Re7 43. Rc2 g5 44. Rf2+ Kg6 45. Kg4
Re4+ 46. Kh3 Kh5 47. Rd2 g4+ 48. Kh2 Re5 49. Rc2 h3 50. Kg3 Re3+ 51. Kf4 Rf3+
52. Ke4 Kh4 53. Rc7 Kg3 54. Rc2 h2 55. Rc1 Kg2 56. Rc2+ Rf2 {White resigns} 0-1

[Event "Team 45 45 League T57"]
[Site "Internet Chess Club"]
[Date "2013.05.24"]
[Round "1"]
[White "bgolev"]
[Black "vigneshv"]
[Result "1/2-1/2"]
[WhiteElo "1828"]
[BlackElo "1666"]
[Opening "Queen's Indian: old main line, 9.Qxc3"]
[ECO "E19"]
[Time "22:01:01"]
[TimeControl "2700+45"]

1. Nf3 Nf6 2. d4 e6 3. g3 b6 4. Bg2 Bb7 5. O-O Be7 6. c4 O-O 7. Nc3 Ne4 8. Qc2
Nxc3 9. Qxc3 c5 10. e3 d6 11. Qc2 Qc7 12. Bd2 Nd7 13. Rac1 Rac8 14. b3 Nf6 15.
Bc3 Ne4 16. Bb2 cxd4 17. Nxd4 Nf6 18. Bxb7 Qxb7 19. Qe2 d5 20. cxd5 Qxd5 21. Qa6
Qd7 22. Ba3 Bxa3 23. Qxa3 a5 24. Qb2 Rxc1 25. Rxc1 Rc8 26. Rxc8+ Qxc8 27. Nf3
Qc6 28. Qd2 h6 29. Ne5 Qd5 30. Qxd5 Nxd5 31. Nc4 f5 32. Kf1 Kf7 33. Ke1 Ke7 34.
Kd2 Kd7 35. Kd3 Kc6 36. Kd4 Nf6 37. f3 b5 38. Nxa5+ Kb6 39. b4 Nd7 40. Nb3 Kc6
41. Nc5 e5+ 42. Kd3 Nxc5+ 43. bxc5 Kxc5 44. a3 g6 45. h4 g5 46. hxg5 hxg5 47.
Kc3 f4 48. exf4 exf4 49. g4 Kd5 50. Kd3 Ke5 {Game drawn by mutual agreement}
1/2-1/2

[Event "Team 45 45 League T57"]
[Site "Internet Chess Club"]
[Date "2013.05.27"]
[Round "1"]
[White "lacibacsi"]
[Black "lluisdp"]
[Result "1/2-1/2"]
[WhiteElo "1981"]
[BlackElo "1977"]
[Opening "French: advance, Milner-Barry gambit"]
[ECO "C02"]
[Time "16:00:49"]
[TimeControl "2700+45"]

1. e4 e6 2. d4 d5 3. e5 c5 4. c3 Nc6 5. Nf3 Qb6 6. Bd3 Nh6 7. O-O Nf5 8. dxc5
Bxc5 9. b4 Be7 10. Na3 Qd8 11. Nb5 O-O 12. a3 a6 13. Nbd4 Nfxd4 14. cxd4 f6 15.
exf6 Bxf6 16. Bb2 Bd7 17. Qe2 g6 18. Rad1 Qe7 19. Ne5 Nxe5 20. dxe5 Bg7 21. Bd4
Rf7 22. Rc1 Bc6 23. g3 Qe8 24. Rc3 Rc7 25. Rfc1 Rcc8 26. h4 Bd7 27. Qd2 Bb5 28.
Rxc8 Rxc8 29. Bxb5 axb5 30. f4 Rc6 31. Rxc6 {Game drawn by mutual agreement}
1/2-1/2

[Event "Team 45 45 League T57"]
[Site "Internet Chess Club"]
[Date "2013.05.28"]
[Round "1"]
[White "PopolVuh"]
[Black "avila"]
[Result "0-1"]
[WhiteElo "1954"]
[BlackElo "1982"]
[Opening "English: closed system"]
[ECO "A25"]
[Time "20:06:20"]
[TimeControl "2700+45"]

1. c4 e5 2. g3 Nc6 3. Bg2 g6 4. Nc3 Bg7 5. e4 d6 6. Nge2 f5 7. d3 Nf6 8. O-O O-O
9. f3 Be6 10. Nd5 Qd7 11. Be3 Rae8 12. b4 Bxd5 13. cxd5 Nxb4 14. Qb3 Qb5 15.
Rfd1 fxe4 16. Nc3 Qa5 17. dxe4 Na6 18. Nb5 Rf7 19. Nxa7 Nc5 20. Bxc5 Qxc5+
{White resigns} 0-1

[Event "Team 45 45 League T57"]
[Site "Internet Chess Club"]
[Date "2013.05.26"]
[Round "1"]
[White "Barrett-CCSCSL"]
[Black "chess9793"]
[Result "1/2-1/2"]
[WhiteElo "2098"]
[BlackElo "2060"]
[Opening "Grünfeld: Three knights variation"]
[ECO "D90"]
[Time "23:19:52"]
[TimeControl "2700+45"]

1. d4 Nf6 2. c4 g6 3. Nf3 Bg7 4. Nc3 d5 5. cxd5 Nxd5 6. Nxd5 Qxd5 7. e3 c5 8.
Bb5+ Bd7 9. Bxd7+ Nxd7 10. O-O O-O 11. dxc5 Qxd1 12. Rxd1 Nxc5 13. Bd2 Bxb2 14.
Rab1 Bf6 15. Bb4 b6 16. Bxc5 bxc5 17. Rd7 Rfd8 18. Rbb7 a5 19. Nd2 Rxd7 20. Rxd7
Rb8 21. g4 Rb2 22. a3 Rc2 23. Ne4 Rc4 24. Nxf6+ exf6 25. h3 Kg7 26. Kg2 f5 27.
gxf5 gxf5 28. Kf3 h5 29. Ke2 f4 30. exf4 Kg6 31. Rd5 a4 32. Rg5+ Kh6 33. Rf5 Kg6
34. Rg5+ Kh6 {Game drawn by mutual agreement} 1/2-1/2

[Event "Team 45 45 League T57"]
[Site "Internet Chess Club"]
[Date "2013.05.23"]
[Round "1"]
[White "Rodin7"]
[Black "RRK"]
[Result "1/2-1/2"]
[WhiteElo "2084"]
[BlackElo "2033"]
[Opening "Benko's opening"]
[ECO "A00"]
[Time "22:23:40"]
[TimeControl "2700+45"]

1. g3 g6 2. Bg2 Bg7 3. d4 c5 4. dxc5 Qa5+ 5. Bd2 Qxc5 6. Nc3 Nf6 7. e4 O-O 8.
Nge2 Nc6 9. O-O d6 10. h3 Qb6 11. Be3 Qd8 12. Nf4 b6 13. e5 dxe5 14. Bxc6 exf4
15. Qxd8 Rxd8 16. Bxa8 fxe3 17. Bg2 exf2+ 18. Rxf2 Ne8 19. Re2 Bd4+ 20. Kh2 Bxc3
21. bxc3 e6 22. a4 Ba6 23. Rf2 Bc4 24. a5 b5 25. Bf1 Nd6 26. Rd1 Bxf1 27. Rfxf1
Kf8 28. c4 bxc4 29. Rd4 Ke7 30. Rfd1 e5 31. Rd5 f6 32. Kg2 Nb7 33. Rxd8 Nxd8 34.
Rd5 Nb7 35. Rb5 Nd6 36. Rc5 Kd7 37. a6 h5 38. Kf3 g5 39. c3 Kd8 40. Rc6 Kd7 41.
Rc5 Kd8 42. Rc6 Kd7 43. Rc5 {Game drawn by repetition} 1/2-1/2

[Event "Team 45 45 League T57"]
[Site "Internet Chess Club"]
[Date "2013.05.26"]
[Round "1"]
[White "Campagnolo"]
[Black "Stryker672"]
[Result "1/2-1/2"]
[WhiteElo "2087"]
[BlackElo "2000"]
[Opening "Catalan: closed, 5.Nf3"]
[ECO "E06"]
[Time "21:05:26"]
[TimeControl "2700+45"]

1. Nf3 Nf6 2. c4 e6 3. d4 d5 4. g3 Be7 5. Bg2 O-O 6. O-O dxc4 7. Ne5 Nc6 8. Bxc6
bxc6 9. Nxc6 Qe8 10. Nxe7+ Qxe7 11. Qa4 c5 12. Qxc4 cxd4 13. Qxd4 Rd8 14. Qh4
Bb7 15. Nc3 h6 16. Be3 a5 17. Rad1 Rxd1 18. Rxd1 Qb4 19. Qd4 Qxd4 20. Rxd4 Nd5
21. Nxd5 Bxd5 22. a3 a4 23. Bd2 Bb3 24. Bc3 Rc8 25. f3 Rc7 {Game drawn by mutual
agreement} 1/2-1/2